 Dungeon Crawl Stone Soup version 0.26.0-57-g60708a5e39 (webtiles) character file.

Game seed: 9830553342031911458

98 Gadfly the Cudgeller (level 4, 0/44 HPs)
             Began as an Ogre Gladiator on Feb 2, 2021.
             Succumbed to an adder's poison
             ... on level 2 of the Dungeon.
             The game lasted 00:02:58 (3166 turns).

Gadfly the Cudgeller (Ogre Gladiator)               Turns: 3166, Time: 00:02:59

Health: 0/44       AC:  3    Str: 18 (19) XL:     4   Next: 69%
Magic:  5/5        EV: 10    Int:  8 (9)  God:
Gold:   103        SH:  0    Dex:  9 (10) Spells: 3/3 levels left

rFire    . . .     SeeInvis .   a - +0 flail
rCold    . . .     Faith    .   (no shield)
rNeg     . . .     Spirit   .   b - +0 robe
rPois    .         Reflect  .   c - +0 hat
rElec    .         Harm     .   (no cloak)
rCorr    .         Rampage  .   (gloves unavailable)
Will     .....                  (boots unavailable)
Stlth    +.........             (no amulet)
HPRegen  0.14/turn              (no ring)
MPRegen  0.09/turn              (no ring)

@: mighty, lethally poisoned (0 -> -4)
A: large, unfitting armour, tough skin 1
a: no special abilities


You were on level 2 of the Dungeon.
You visited 1 branch of the dungeon, and saw 2 of its levels.

You collected 103 gold pieces.

Inventory:

Hand Weapons
 a - a +0 flail (weapon)
Missiles
 d - 3 throwing nets
 e - 50 stones (quivered)
Armour
 b - a +0 robe (worn)
 c - a +0 hat (worn)
Scrolls
 f - a scroll of amnesia {unknown}
 g - 2 scrolls of teleportation
 h - a scroll of fog {unknown}


   Skills:
 - Level 2.6 Fighting
 + Level 2.9 Maces & Flails
 + Level 2.4 Throwing
 * Level 1.4 Armour
 - Level 2.6 Dodging
 * Level 2.3 Invocations
 * Level 1.4 Evocations


You had 3 spell levels left.
You didn't know any spells.
Your spell library was empty.

Dungeon Overview and Level Annotations

Branches:
Dungeon (2/15)

Altars:


Innate Abilities, Weirdness & Mutations

You are too large for most types of armour.
You have tough skin. (AC +1)


Message History

You kill the adder!
The bat hits you but does no damage.
Throw: 52 stones
Press: ? - help, Q - select action, (/) - cycle Shift-Dir - straight line, f - bat
Aim: a bat (39% to hit)
You throw a stone. The stone barely misses the bat.
* * * LOW HITPOINT WARNING * * *
You feel sick. The bat barely misses you.
Throw: 51 stones
Press: ? - help, Q - select action, (/) - cycle Shift-Dir - straight line, f/p - bat
Aim: a bat (39% to hit)
You throw a stone. The stone closely misses the bat.
The bat hits you.
* * * LOW HITPOINT WARNING * * *
Throw: 50 stones
Press: ? - help, Q - select action, (/) - cycle Shift-Dir - straight line, f/p - bat
Aim: a bat (39% to hit)
Okay, then.
You aren't carrying any potions.
You die...

# #. # ##..## ###. #####
#.... ...#####.#. ....#
#...# .......w.w. ###.#
.... #.######.#. #.# #..#
###w #.# #.. # #. #.# #.#
..# ## # #.#
####@####..... ### ###.#
##....†........ #..
.##.########...#.##..$...(
###..
.................b+.......
+....
......######...####.......
###.. #.###.#
####..######...... #.# #.#
#.# #................. #.#
#.###.# #.##.###.#####...#
#.# #.....# # #.# #.# #+##
#..


You could see a bat.

Vanquished Creatures
  2 adders (D:2)
  2 worms (D:2)
  2 dart slugs (D:1)
  3 leopard geckos
  An orc (D:2)
  6 bats
  3 giant cockroaches
  6 goblins
  6 hobgoblins
  9 jackals (D:2)
  8 kobolds
  A quokka (D:2)
  2 frilled lizards (D:1)
  10 rats
61 creatures vanquished.

Notes
Turn   | Place    | Note
-------+----------+-------------------------------------------
     0 | D:1      | Gadfly the Ogre Gladiator began the quest for the Orb.
     0 | D:1      | Reached XP level 1. HP: 22/22 MP: 1/1
   368 | D:1      | Reached XP level 2. HP: 27/29 MP: 2/2
   443 | D:1      | Reached skill level 1 in Invocations
   782 | D:1      | Reached XP level 3. HP: 33/36 MP: 4/4
   870 | D:1      | Reached skill level 1 in Evocations
  1599 | D:2      | Reached skill level 1 in Armour
  2088 | D:2      | Reached XP level 4. HP: 31/44 MP: 5/5
  3162 | D:2      | HP: 2/44 [poisoned by an adder]
  3166 | D:2      | Succumbed to an adder's poison

Illustrated notes

Levels and vault maps discovered:
D:1:      dpeg_arrival_pond, layout_basic
D:2:      layout_loops_corners

Skill      XL: |  1  2  3 |
---------------+----------+-----
Invocations    | 1 2 |  2.3
Evocations     | 1 |  1.4
Armour         | 1 |  1.4
Fighting       | |  2.6
Maces & Flails | |  2.9
Throwing       | |  2.4
Dodging        | |  2.6

Action                   |  1- 3 |  4- 6 || total
-------------------------+-------+-------++-------
Melee: Flail             |   148 |    70 ||   218
Throw: Stone             |    21 |     6 ||    27
  Use: Scroll            |     4 |       ||     4
       Potion            |       |     2 ||     2
 Stab: Sleeping          |     1 |       ||     1
Armor: Robe              |    51 |    25 ||    76
Dodge: Dodged            |    85 |    53 ||   138
